 Dungeon Crawl Stone Soup version 0.28-a0-662-g1651b1f1e0 (webtiles) character file.

Game seed: 9826227126879603859

3209 ytrimaz the Protected (level 9, -3/123 HPs)
             Began as a Minotaur Berserker on Oct 14, 2021.
             Was an Elder of Trog.
             Slain by an orc knight (14 damage)
             ... in a bailey.
             The game lasted 00:12:55 (7469 turns).

ytrimaz the Protected (Minotaur Berserker)          Turns: 7469, Time: 00:12:56

Health: -3/123     AC: 15    Str: 25    XL:     9   Next: 65%
Magic:  8/8        EV:  9    Int:  4    God:    Trog [****..]
Gold:   442        SH:  0    Dex: 16    Spells: 8/8 levels left

rFire   . . .      SeeInvis .   j - +2 morningstar (drain)
rCold   . . .      Faith    .   (no shield)
rNeg    . . .      Spirit   .   i - +0 chain mail
rPois   +          Reflect  .   (helmet restricted)
rElec   .          Harm     .   (no cloak)
rCorr   .          Rampage  .   (no gloves)
Will    .....                   (no boots)
Stlth   ..........              (no amulet)
HPRegen 0.30/turn               w - ring "Enobul" {rPois AC+4}
MPRegen 0.11/turn               v - +6 ring of dexterity

@: mighty, berserking (expiring), hasted, very quick
A: horns 2, retaliatory headbutt
a: Renounce Religion, Berserk, Trog's Hand, Brothers in Arms


You were in a bailey.
You worshipped Trog.
Trog was greatly pleased with you.
You visited 1 branch of the dungeon, and saw 7 of its levels.
You also visited: Ossuary and Bailey.

You collected 442 gold pieces.

Inventory:

Hand Weapons
 j - a +2 morningstar of draining (weapon)
 m - the +4 falchion of Gumug {flame, rElec rPois Will+}
   (You found it on level 4 of the Dungeon)

   It burns those it strikes, dealing additional fire damage.
   Big, fiery blades are also staple armaments of hydra-hunters.
   rElec:     It insulates you from electricity.
   rPois:     It protects you from poison.
   Will:      It increases your willpower.
Armour
 i - a +0 chain mail (worn)
Jewellery
 o - a ring of fire
 v - a +6 ring of dexterity (right hand)
 w - the ring "Enobul" (left hand) {rPois AC+4}
   (You acquired it on level 6 of the Dungeon)

   [ring of protection]

   AC:        It affects your AC (+4).
   rPois:     It protects you from poison.
Wands
 f - a wand of paralysis (6)
 h - a wand of iceblast (9)
 n - a wand of acid (11)
Scrolls
 p - a scroll of amnesia
Potions
 a - 2 potions of berserk rage
 b - a potion of attraction
 c - 2 potions of mutation
 d - 2 potions of heal wounds {unknown}
 e - a potion of haste
 g - 2 potions of might
 k - 4 potions of curing
 l - 3 potions of flight
 q - 2 potions of cancellation
 r - 2 potions of brilliance {unknown}
 s - 2 potions of magic {unknown}
 t - a potion of lignification {unknown}
 u - a potion of experience


   Skills:
 * Level 8.6 Fighting
 * Level 5.6 Long Blades
 - Level 6.0(7.9) Axes
 * Level 8.0(8.9) Maces & Flails
 * Level 9.4 Armour
 - Level 2.1 Dodging


You had 8 spell levels left.
You didn't know any spells.
Your spell library was empty.

Dungeon Overview and Level Annotations

Branches:
Dungeon (7/15)             Temple (0/1) D:7         Ossuary (visited)
 Bailey (1/1)

Altars:
Elyvilon
Gozag


Innate Abilities, Weirdness & Mutations

You have a pair of horns on your head.
You reflexively headbutt those who attack you in melee.


Message History

There is an open door here.
The orc hits you but does no damage.
The orc knight roars a battlecry!
The orcs go into a battle-frenzy!
There is an open door here.
You hit the orc. You drain the orc.
The orc is severely wounded.
The orc warrior hits you from afar with a +0 halberd.
The orc hits you but does no damage.
You feel yourself speed up.
You feel very mighty all of a sudden. The orc warrior closely misses you.
The orc barely misses you.
A red film seems to cover your vision as you go berserk!
You feel yourself moving faster!
You feel mighty! The orc barely misses you.
The orc warrior hits you but does no damage.
You closely miss the orc. You headbutt the orc.
You kill the orc!
Trog accepts your kill. The orc closely misses you.
The orc warrior hits you but does no damage.
The orc warrior hits you with a +0 halberd!!
* * * LOW HITPOINT WARNING * * *
The orc barely misses you. You furiously retaliate!
You headbutt the orc.
You kill the orc!
Trog accepts your kill.
The orc knight hits you from afar with a +0 trident!!
* * * LOW HITPOINT WARNING * * *
There is an open door, spattered with blood here.
You see here a +0 war axe.
Unknown command.
You impale the orc warrior!! You drain the orc warrior.
You kill the orc warrior!
Trog accepts your kill. The orc warrior closely misses you.
You furiously retaliate!
You headbutt the orc warrior!
Your Maces & Flails skill increases to level 8!
Unknown command.
The orc barely misses you.
The orc knight hits you with a +0 trident!
You die...

############ #######
##.∩........## ##.....######
#....))).....######)......#....
#......).....#)o.)#)).....'....
#∩...))))....)@o.)')).....'.o..
#......).....#o...#)......'....
#............######.......#....
##.∩........## ##.....######
############ #######


You could see an orc knight, an orc warrior (strong) and an orc (strong).

Vanquished Creatures
  The ghost of Spaninq the Stinger, a novice KoVM of Sif Muna (D:5)
  Grinder (D:5)
  A steam dragon (D:6)
  An ice beast (D:6)
  A black bear (D:6)
  5 orc warriors (Bailey)
  3 ogres
  2 centaurs
  2 phantoms (D:5)
  3 scorpions (D:5)
  A gnoll sergeant (D:6)
  2 howler monkeys
  3 hounds
  3 human zombies (Ossuary)
  A gnoll shaman (D:5)
  2 iguanas
  Ijyb (D:3)
  Natasha (thrice) (D:2)
  A bullfrog simulacrum (D:5)
  A centaur simulacrum (D:5)
  3 hound zombies (Ossuary)
  5 mummies
  2 killer bee simulacra (D:5)
  6 adders
  6 gnolls
  A hound simulacrum (D:5)
  3 white imps (D:5)
  An ufetubus (D:6)
  An adder zombie (Ossuary)
  3 worms
  2 dart slugs
  34 orcs
  11 bats
  8 endoplasms
  2 giant cockroaches
  A gnoll zombie (Ossuary)
  5 goblins
  4 hobgoblins
  3 jackals (D:4)
  2 quokkas
  3 ball pythons
  3 hobgoblin zombies
  A jackal zombie (Ossuary)
  4 kobolds
  A kobold zombie (Ossuary)
  An orc zombie (D:6)
  6 rats
  A spectral kobold (D:3)
161 creatures vanquished.

Vanquished Creatures (collateral kills)
  2 orc warriors (Bailey)
  3 orcs (Bailey)
5 creatures vanquished.

Grand Total: 166 creatures vanquished

Notes
Turn   | Place    | Note
-------+----------+-------------------------------------------
     0 | D:1      | ytrimaz the Minotaur Berserker began the quest for the Orb.
     0 | D:1      | Reached XP level 1. HP: 19/19 MP: 0/0
   377 | D:1      | Reached XP level 2. HP: 27/27 MP: 1/1
   913 | D:1      | Reached ** piety under Trog
   914 | D:1      | Reached XP level 3. HP: 33/33 MP: 2/2
  1113 | D:2      | Noticed Natasha
  1123 | D:2      | Killed Natasha
  1327 | D:2      | Noticed Natasha
  1341 | D:2      | Killed Natasha
  1342 | D:2      | Reached skill level 5 in Axes
  1342 | D:2      | Reached XP level 4. HP: 26/41 MP: 3/3
  1876 | D:2      | Noticed Natasha
  1884 | D:2      | Killed Natasha
  1885 | D:2      | Reached skill level 3 in Armour
  2299 | D:3      | Reached skill level 5 in Fighting
  2299 | D:3      | Reached XP level 5. HP: 47/48 MP: 4/4
  2386 | D:3      | Noticed Ijyb
  2403 | D:3      | Killed Ijyb
  2725 | D:3      | Found a faded altar of an unknown god.
  2889 | D:4      | Identified the +4 falchion of Gumug {flame, rElec rPois
                  | Will+}
  2909 | D:4      | Reached skill level 1 in Maces & Flails
  3108 | D:4      | Reached XP level 6. HP: 53/57 MP: 5/5
  3123 | D:4      | Reached skill level 1 in Long Blades
  3506 | D:5      | Entered Level 5 of the Dungeon
  3531 | D:5      | Reached skill level 4 in Armour
  3635 | D:5      | Reached *** piety under Trog
  3636 | D:5      | Reached skill level 5 in Armour
  3636 | D:5      | Reached XP level 7. HP: 61/63 MP: 6/6
  3660 | D:5      | Found a runed translucent gate.
  3660 | D:5      | Found a runed translucent gate.
  3661 | D:5      | Found a runed translucent gate.
  3689 | D:5      | Noticed Spaninq's ghost (novice KoVM)
  3712 | D:5      | Killed Spaninq's ghost
  3713 | D:5      | Reached skill level 6 in Armour
  3848 | D:5      | Noticed Grinder
  3848 | D:5      | Paralysed by Grinder for 3 turns
  3865 | D:5      | Killed Grinder
  3866 | D:5      | Reached skill level 5 in Maces & Flails
  3866 | D:5      | Reached XP level 8. HP: 18/71 MP: 7/7
  4223 | D:5      | Reached skill level 7 in Armour
  4558 | D:5      | Found an opulent altar of Gozag.
  4559 | D:5      | Found a white marble altar of Elyvilon.
  4863 | D:6      | Found a sand-covered staircase.
  4869 | Ossuary  | Entered an ossuary
  5377 | D:6      | Reached XP level 9. HP: 80/80 MP: 8/8
  5393 | D:6      | Reached skill level 8 in Armour
  5489 | D:6      | Reached **** piety under Trog
  5650 | D:6      | Reached skill level 5 in Long Blades
  6721 | D:6      | Identified a scroll of acquirement
  6721 | D:6      | Acquired the ring "Enobul" {rPois AC+4}
  6761 | D:7      | Found a flagged portal.
  6773 | Bailey   | Entered a bailey
  7071 | Bailey   | Reached skill level 9 in Armour
  7432 | Bailey   | Noticed an orc knight
  7469 | Bailey   | Slain by an orc knight

Illustrated notes

Levels and vault maps discovered:
D:1:      dpeg_arrival_prison, layout_basic
D:2:      layout_loops_cross, uniq_natasha
D:3:      minmay_general_purpose_star, layout_basic,
          dreamdust_ecumenical_altar_drowned_temple, uniq_ijyb
D:4:      layout_loops_cross, grunt_ministairs_11
D:5:      layout_rooms, mainiacjoe_overflow_big_doors, gammafunk_ghost_icy,
          uniq_grinder
D:6:      layout_layer_cave, nicolae_ossuary_entry_giza,
          minmay_fractal_squares_diagonal_5
D:7:      minmay_chambers_of_sevens, layout_basic,
          minmay_temple_entry_purple_smoke, enter_bailey_6,
          minmay_misc_feat_nine_boxes
Bailey:   bailey_polearm_5, bailey

Skill      XL: |  1  2  3  4  5  6  7  8  9 |
---------------+----------------------------+-----
Fighting       | 4 5 6 7 8 |  8.6
Axes           | 4 5 6 |  6.0
Armour         | 3 5 6 7 9 |  9.4
Maces & Flails | 1 2 5 6 8 |  8.0
Long Blades    | 2 3 4 5 |  5.6
Dodging        | |  2.1

Action                   |  1- 3 |  4- 6 |  7- 9 || total
-------------------------+-------+-------+-------++-------
Melee: Hand axe          |    69 |    63 |       ||   132
       Headbutt          |     9 |    15 |    47 ||    71
       Morningstar       |       |    47 |   134 ||   181
       Falchion          |       |       |    65 ||    65
Invok: Berserk           |       |     1 |     7 ||     8
       Trog's Hand       |       |       |     1 ||     1
       Brothers in Arms  |       |       |     1 ||     1
  Use: Scroll            |       |       |    13 ||    13
       Potion            |       |       |     2 ||     2
Armor: Animal skin       |    11 |     9 |       ||    20
       Ring mail         |       |    14 |       ||    14
       Chain mail        |       |    32 |   225 ||   257
Dodge: Dodged            |    58 |    53 |   219 ||   330

Table legend: (Time is in decaauts)
 A = Elapsed time spent in this place.
 B = Non-inter-level travel time spent in this place.
 C = Inter-level travel time spent in this place.
 D = Time resting spent in this place.
 E = Time spent auto-exploring this place.
 F = Levels seen in this place.
 G = Mean time per level.
                   A        B        C        D        E       F      G
               +--------+--------+--------+--------+--------+-----+--------+
         Total |   7596 |   7463 |    133 |   1361 |   4708 |   9 |  844.0 |
       Dungeon |   6379 |   6246 |    133 |    576 |   4574 |   7 |  911.3 |
       Ossuary |    500 |    500 |      0 |    220 |    134 |   1 |  500.0 |
        Bailey |    716 |    716 |      0 |    565 |      0 |   1 |  716.0 |
               +--------+--------+--------+--------+--------+-----+--------+

Top non-repeatable levels by time:
     D:6: 1645 daAuts
     D:5: 1162 daAuts
     D:1: 1103 daAuts
     D:2: 995 daAuts
     D:3: 785 daAuts
  Bailey: 716 daAuts
     D:4: 666 daAuts
 Ossuary: 500 daAuts
     D:7: 19 daAuts
